 Dungeon Crawl Stone Soup version 0.28.0-43-g3370ac3207 (webtiles) character file.

Game seed: 12488120444123046815

1197 adizb the Purveyor of Pain (level 8, -4/43 HPs)
             Began as a Deep Elf Necromancer on Mar 15, 2022.
             Was an Initiate of Kikubaaqudgha.
             Slain by a wyvern skeleton (8 damage)
             ... on level 6 of the Dungeon.
             The game lasted 00:26:36 (3574 turns).

adizb the Purveyor of Pain (Deep Elf Necromancer)   Turns: 3574, Time: 00:26:37

Health: -4/43      AC:  5    Str:  5    XL:     8   Next: 20%
Magic:  12/20      EV: 13    Int: 26    God:    Kikubaaqudgha [......]
Gold:   255        SH:  9    Dex: 15    Spells: 9/21 levels left

rFire   . . .      SeeInvis .   k - +6 mace of Gujol {vorpal, *Slow rElec Int+3}
rCold   . . .      Faith    .   d - +0 buckler
rNeg    . . .      Spirit   .   a - +0 robe
rPois   .          Reflect  +   q - +0 helmet
rElec   +          Harm     .   j - +0 cloak
rCorr   .          Rampage  .   (no gloves)
Will    .....                   (no boots)
Stlth   +++.......              h - amulet of reflection
HPRegen 0.14/turn               (no ring)
MPRegen 0.17/turn               (no ring)

@: mighty
A: shaggy fur 1, MP-powered wands
a: Renounce Religion


You were on level 6 of the Dungeon.
You worshipped Kikubaaqudgha.
Kikubaaqudgha was noncommittal.
You visited 2 branches of the dungeon, and saw 7 of its levels.

You collected 255 gold pieces.

Inventory:

Hand Weapons
 k - the +6 mace of Gujol (weapon) {vorpal, *Slow rElec Int+3}
   (You found it on level 2 of the Dungeon)

   It inflicts extra damage upon your enemies.
   Int:       It affects your intelligence (+3).
   rElec:     It insulates you from electricity.
   *Slow:     It may slow you when you take damage.
Armour
 a - a +0 robe (worn)
 d - a +0 buckler (worn)
 f - the +7 chain mail of Tortured Brilliance {rC+ rN++ Will+ Int+2}
   (You found it on level 2 of the Dungeon)

   Int:       It affects your intelligence (+2).
   rC:        It protects you from cold.
   rN:        It greatly protects you from negative energy.
   Will:      It increases your willpower.
 j - a +0 cloak (worn)
 p - a +0 ring mail
 q - a +0 helmet (worn)
 t - +0 steam dragon scales
Magical Staves
 c - a staff of fire
Jewellery
 h - an amulet of reflection (around neck)
 o - a ring of fire
Scrolls
 b - 4 scrolls of teleportation
 i - a scroll of enchant weapon {unknown}
 s - a scroll of holy word
 u - a scroll of immolation {unknown}
Potions
 e - a potion of flight
 g - a potion of invisibility {unknown}
 l - a potion of magic
 m - a potion of mutation
 n - a potion of haste {unknown}
 v - a potion of berserk rage {unknown}


   Skills:
 - Level 1.0 Fighting
 - Level 1.0 Maces & Flails
 + Level 4.8 Dodging
 - Level 5.0 Stealth
 + Level 1.2 Shields
 * Level 7.2 Spellcasting
 + Level 3.0 Conjurations
 * Level 7.5 Necromancy
 + Level 2.0 Translocations


You had 9 spell levels left.
You knew the following spells:

 Your Spells              Type           Power      Damage    Failure   Level
a - Pain                  Necr           100%       1d9       1%          1
b - Animate Skeleton      Necr           96%        N/A       1%          1
c - Vampiric Draining     Necr           48%        2d9       1%          3
d - Animate Dead          Necr           24%        N/A       3%          4
e - Gell's Gravitas       Tloc           20%        N/A       11%         3

Your spell library contained the following spells:

 Spells                   Type           Power      Damage    Failure   Level
 Agony                    Necr           48%        N/A       10%         5
 Lesser Beckoning         Tloc           20%        N/A       11%         3
 Teleport Other           Tloc           20%        N/A       11%         3
 Iskenderun's Battlesphe  Conj           25%        2d8       54%         5
 Iron Shot                Conj/Erth      8%         9d3       100%        6
 Spellforged Servitor     Conj/Summ      8%         N/A       100%        7


Dungeon Overview and Level Annotations

Branches:
Dungeon (6/15)             Temple (1/1) D:4

Altars:
Cheibriados
Dithmenos
Elyvilon
Kikubaaqudgha
Makhleb
Okawaru
Qazlal
Trog
Vehumet
Yredelemnul
The Shining One


Innate Abilities, Weirdness & Mutations

You are covered in fur. (AC +1)
You expend magic power (3 MP) to strengthen your wands.


Message History

You sock the iguana!
You kill the iguana!
Kikubaaqudgha accepts your kill.
Magic restored.
Found a robe.
You see here a +0 robe.
Found a potion of heal wounds.
A wyvern skeleton comes into view.
Aiming: Vampiric Draining (safe; 1% risk of failure)
Press: ? - help, Q - select action, (/) - cycle Shift-Dir - straight line, f - wyvern skeleton
Aim: a wyvern skeleton (not susceptible)
The wyvern skeleton is unaffected.
You block the wyvern skeleton's attack.
Casting: Vampiric Draining (safe; 1% risk of failure)
Confirm with . or Enter, or press ? or * to list all spells.
Aiming: Gell's Gravitas (dangerous; 11% risk of failure)
Press: ? - help, Dir - move target, p - wyvern skeleton Gravity reorients around empty space.
The wyvern skeleton bites you. The wyvern skeleton barely misses you.
Casting: Gell's Gravitas (dangerous; 11% risk of failure)
Confirm with . or Enter, or press ? or * to list all spells.
Aiming: Gell's Gravitas (dangerous; 11% risk of failure)
Press: ? - help, Dir - move target Gravity reorients around empty space.
You hit the wyvern skeleton.
The wyvern skeleton is lightly damaged.
The wyvern skeleton bites you!
* * * LOW HITPOINT WARNING * * *
You block the wyvern skeleton's attack.
You feel very mighty all of a sudden. You block the wyvern skeleton's attack.
You thump the wyvern skeleton!
The wyvern skeleton is heavily damaged.
The wyvern skeleton bites you.
* * * LOW HITPOINT WARNING * * *
The wyvern skeleton bites you!
* * * LOW HITPOINT WARNING * * *
The wyvern skeleton bites you!
You die...
Kikubaaqudgha rasps: "You have failed me!
Welcome... death!"

. ..... ...#.. ..#.. ....
...... ##...####.####
....#.
##.....##.....##.(.##.
####..............###..##
...................##...#
#..............[.#...##
#................#..##.
#...!Z@..........#...#.
#................#.#...
.....................####
####..............####
##..^..##.....##
##############


You could see a wyvern skeleton.

Vanquished Creatures
  A steam dragon (D:5)
  A water moccasin (D:5)
  An ice beast (D:5)
  A black bear (D:5)
  3 ogres
  A phantom (D:4)
  A howler monkey (D:4)
  A bullfrog zombie (D:5)
  A jelly (D:4)
  Crazy Yiuf (D:2)
  An orc priest (D:5)
  An iguana (D:6)
  Terence (D:3)
  An orc wizard (D:5)
  A hound skeleton (D:4)
  Robin (D:3)
  9 adders
  3 ufetubi
  2 adder skeletons (D:4)
  2 worms (D:2)
  2 dart slugs (D:2)
  7 orcs
  7 endoplasms
  2 giant cockroaches
  18 goblins
  5 hobgoblins
  3 jackals (D:1)
  5 quokkas
  3 ball pythons
  3 bats
  A frilled lizard (D:3)
  5 kobolds
  A quokka skeleton (D:4)
  6 rats
102 creatures vanquished.

Notes
Turn   | Place    | Note
-------+----------+-------------------------------------------
     0 | D:1      | adizb the Deep Elf Necromancer began the quest for the Orb.
     0 | D:1      | Reached XP level 1. HP: 10/10 MP: 6/6
   126 | D:1      | Reached skill level 5 in Necromancy
   150 | D:1      | Reached XP level 2. HP: 3/15 MP: 4/8
   171 | D:1      | Learned a level 1 spell: Animate Skeleton
   496 | D:1      | Reached XP level 3. HP: 6/19 MP: 6/10
   500 | D:1      | Learned a level 3 spell: Vampiric Draining
   506 | D:1      | Found a faded altar of an unknown god.
   670 | D:2      | Found a runed translucent door.
   671 | D:2      | Noticed Crazy Yiuf
   677 | D:2      | Killed Crazy Yiuf
   682 | D:2      | Identified the +6 mace of Gujol {vorpal, *Slow rElec Int+3}
   775 | D:2      | Identified the +7 chain mail of Tortured Brilliance {rC+
                  | rN++ Will+ Int+2}
   939 | D:2      | Reached XP level 4. HP: 21/24 MP: 8/12
  1708 | D:3      | Found a bloodstained altar of Trog.
  1760 | D:3      | Learned a level 4 spell: Animate Dead
  1902 | D:3      | Reached XP level 5. HP: 20/28 MP: 8/14
  1928 | D:3      | Noticed Robin
  1928 | D:3      | Noticed Terence
  1938 | D:3      | Killed Terence
  1942 | D:3      | Killed Robin
  2017 | D:3      | Reached skill level 1 in Conjurations
  2083 | D:4      | Reached skill level 5 in Spellcasting
  2087 | D:4      | Reached skill level 1 in Fighting
  2135 | D:4      | Noticed a phantom
  2142 | D:4      | Killed a phantom
  2143 | D:4      | Reached skill level 1 in Maces & Flails
  2143 | D:4      | Reached XP level 6. HP: 24/34 MP: 16/16
  2265 | D:4      | Found a staircase to the Ecumenical Temple.
  2278 | Temple   | Entered the Ecumenical Temple
  2407 | Temple   | Became a worshipper of Kikubaaqudgha
  2686 | D:4      | Gained mutation: You are covered in fur. (AC +1) [potion of
                  | mutation]
  2686 | D:4      | Gained mutation: You expend magic power (3 MP) to
                  | strengthen your wands. [potion of mutation]
  2732 | D:5      | Entered Level 5 of the Dungeon
  2806 | D:5      | Reached XP level 7. HP: 38/38 MP: 7/18
  3024 | D:5      | Reached skill level 1 in Translocations
  3035 | D:5      | Learned a level 3 spell: Gell's Gravitas
  3394 | D:5      | Noticed a steam dragon
  3400 | D:5      | Killed a steam dragon
  3401 | D:5      | Reached skill level 5 in Stealth
  3401 | D:5      | Reached skill level 1 in Shields
  3401 | D:5      | Reached XP level 8. HP: 43/43 MP: 10/20
  3574 | D:6      | Slain by a wyvern skeleton

Illustrated notes

Levels and vault maps discovered:
D:1:      kennysheep_arrival_seaside, layout_basic,
          hellmonk_ecumenical_altar_inner_sanctum
D:2:      layout_loops_corners, kennysheep_generic_room_3,
          uniq_crazy_yiuf_cottage
D:3:      layout_basic, general_overflow_altar, uniq_robin, uniq_terence
D:4:      layout_rooms, minmay_temple_entry_poolview
D:5:      layout_layer_cave
D:6:      minmay_chambers_of_fours, layout_rooms, serial_shops,
          nicolae_shop_bloodbath_and_beyond, small_statue_intersection,
          minmay_between, uniq_prince_ribbit1, uniq_sigmund, uniq_menkaure
Temple:   mainiacjoe_temple_archimedes_tessellation

Skill      XL: |  1  2  3  4  5  6  7  8 |
---------------+-------------------------+-----
Necromancy     | 5 6 7 |  7.5
Stealth        | 3 4 5 |  5.0
Dodging        | 3 4 |  4.8
Spellcasting   | 4 5 6 7 |  7.2
Conjurations   | 1 2 3 |  3.0
Fighting       | 1 |  1.0
Maces & Flails | 1 |  1.0
Translocations | 1 2 |  2.0
Shields        | 1 |  1.2

Action                   |  1- 3 |  4- 6 |  7- 9 || total
-------------------------+-------+-------+-------++-------
Melee: Dagger            |    10 |       |       ||    10
       Staff             |     7 |       |       ||     7
       Mace              |       |    77 |    20 ||    97
 Cast: Pain              |    41 |    40 |    27 ||   108
       Animate Skeleton  |     2 |       |       ||     2
       Vampiric Draining |     2 |    10 |    13 ||    25
       Gell's Gravitas   |       |       |     2 ||     2
  Use: Scroll            |     2 |     3 |     1 ||     6
       Potion            |     1 |     1 |     1 ||     3
 Stab: Sleeping          |       |     7 |     1 ||     8
Armor: Robe              |    11 |     9 |     3 ||    23
Dodge: Dodged            |    10 |    36 |    15 ||    61
Block: Other             |       |    10 |       ||    10
       Buckler           |       |       |    18 ||    18
